 Dungeon Crawl Stone Soup version 0.28.0 (webtiles) character file.

Game seed: 1526069751436324356

80 Eitelfritz the Slasher (level 4, -6/37 HPs)
             Began as a Minotaur Gladiator on Feb 14, 2022.
             Killed by divine providence
             ... invoked by an orc priest
              (11 damage)
             ... on level 3 of the Dungeon.
             The game lasted 00:03:30 (2031 turns).

Eitelfritz the Slasher (Minotaur Gladiator)         Turns: 2031, Time: 00:03:31

Health: -6/37      AC:  4    Str: 20    XL:     4   Next: 18%
Magic:  3/3        EV: 12    Int:  5    God:
Gold:   68         SH:  0    Dex: 12    Spells: 3/3 levels left

rFire   . . .      SeeInvis .   a - +0 long sword
rCold   . . .      Faith    .   (no shield)
rNeg    . . .      Spirit   .   b - +0 leather armour
rPois   .          Reflect  .   c - +0 hat
rElec   .          Harm     .   (no cloak)
rCorr   .          Rampage  .   (no gloves)
Will    .....                   l - +0 pair of boots
Stlth   +.........              (no amulet)
HPRegen 0.12/turn               (no ring)
MPRegen 0.08/turn               (no ring)

@: confused
A: horns 2, retaliatory headbutt
a: no special abilities


You were on level 3 of the Dungeon.
You visited 1 branch of the dungeon, and saw 3 of its levels.

You collected 68 gold pieces.

Inventory:

Hand Weapons
 a - a +0 long sword (weapon)
Missiles
 d - 3 throwing nets (quivered)
 e - 4 poisoned darts
Armour
 b - a +0 leather armour (worn)
 c - a +0 hat (worn)
 l - a +0 pair of boots (worn)
Jewellery
 j - an amulet of faith
Scrolls
 k - a scroll of noise {unknown}
 n - a scroll of immolation {unknown}
 o - a scroll of fog {unknown}
Potions
 f - a potion of lignification {unknown}
 g - 3 potions of curing {unknown}
 h - 2 potions of heal wounds {unknown}
 i - a potion of berserk rage {unknown}
 m - a potion of resistance {unknown}


   Skills:
 + Level 2.8 Fighting
 + Level 4.9 Long Blades
 + Level 2.1 Throwing
 + Level 1.0 Armour
 + Level 4.0 Dodging
 + Level 0.5 Stealth


You had 3 spell levels left.
You didn't know any spells.
Your spell library contained the following spells:

 Spells                   Type           Power      Damage    Failure   Level
 Inner Flame              Hex/Fire       0%         N/A       88%         3
 Cause Fear               Hex            0%         N/A       99%         4
 Discord                  Hex            0%         N/A       100%        8


Dungeon Overview and Level Annotations

Branches:
Dungeon (3/15)

Altars:
Ru


Innate Abilities, Weirdness & Mutations

You have a pair of horns on your head.
You reflexively headbutt those who attack you in melee.


Message History

The orc hits you with a +0 short sword.
You slash the orc!
You kill the orc!
An orc wizard comes into view. It is wielding a +0 dagger.
You see here a +0 short sword.
The orc wizard shouts!
The orc shouts!
The orc wizard mumbles some strange words.
The orc wizard flickers and vanishes!
Deactivating autopickup; reactivate with Ctrl-A.
The orc hits you with a +0 flail.
You hit the orc but do no damage.
An orc comes into view. It is wielding a +0 club.
You barely miss something.
The orc shouts!
You see here a +0 short sword.
The orc hits you with a +0 flail.
You see here a +0 short sword.
You closely miss the orc. Your headbutt misses the orc.
The orc hits you with a +0 flail.
You slash the orc!
You kill the orc!
An orc priest comes into view. It is wielding a +0 flail.
You slash the orc!
You kill the orc!
You hear some strange, mumbled words.
You are confused.
Your Armour skill increases to level 1!
You bump into the rock wall.
Something hits you.
You miss something. Something hits you but does no damage.
You bump into the rock wall.
Something barely misses you.
You bump into the rock wall.
The orc priest mumbles some strange prayers to Beogh against you.
Beogh smites you!
* * * LOW HITPOINT WARNING * * *
Something hits you.
* * * LOW HITPOINT WARNING * * *
You bump into the rock wall.
The orc priest invokes the aid of Beogh against you.
Beogh smites you!
You die...

#......†..##..†......#
+.........'...........
#..(......##.#...##..#
##.......###.##.## .#
##.....## #.###.. #
##...## #.. ... ##'##
### .### #.# .# #@#
#{# .......o....#
..###......#..#
##....## ##.##. ### #.
##


You could see an orc priest.

Vanquished Creatures
  An adder (D:2)
  4 worms
  2 dart slugs
  3 orcs (D:3)
  3 ball pythons
  4 endoplasms
  A giant cockroach (D:1)
  2 goblins
  2 hobgoblins (D:1)
  3 jackals (D:1)
  6 kobolds
  4 quokkas
  8 bats
  2 frilled lizards
  6 rats
51 creatures vanquished.

Notes
Turn   | Place    | Note
-------+----------+-------------------------------------------
     0 | D:1      | Eitelfritz the Minotaur Gladiator began the quest for the
                  | Orb.
     0 | D:1      | Reached XP level 1. HP: 18/18 MP: 0/0
   182 | D:1      | Reached XP level 2. HP: 25/25 MP: 1/1
   265 | D:1      | Found a faded altar of an unknown god.
   874 | D:1      | Reached XP level 3. HP: 30/30 MP: 2/2
  1645 | D:2      | Reached XP level 4. HP: 32/37 MP: 3/3
  1686 | D:2      | Found a sacrificial altar of Ru.
  2027 | D:3      | Reached skill level 1 in Armour
  2031 | D:3      | Killed from afar by an orc priest

Illustrated notes

Levels and vault maps discovered:
D:1:      wander_arrival_lonely_grave, layout_basic,
          dreamdust_ecumenical_altar_statues, lemuel_old_faithful
D:2:      layout_loops_ring, basic_altar, chequers_serial_rivers_small_3
D:3:      layout_loops_corners, lemuel_doored_altar, chequers_big_river

Skill      XL: |  1  2  3  4 |
---------------+-------------+-----
Long Blades    | 4 |  4.9
Dodging        | 4 |  4.0
Armour         | 1 |  1.0
Fighting       | |  2.8
Throwing       | |  2.1
Stealth        | |  0.5

Action                   |  1- 3 |  4- 6 || total
-------------------------+-------+-------++-------
Melee: Long sword        |    70 |    16 ||    86
       Headbutt          |    16 |     1 ||    17
Armor: Leather armour    |    16 |     5 ||    21
Dodge: Dodged            |    56 |     5 ||    61
